 Dungeon Crawl Stone Soup version 0.26.1-11-gd32895ea62 (webtiles) character file.

Game seed: 6217752483515891007

3285 Descartes the Grappler (level 9, -13/80 HPs)
             Began as a Troll Chaos Knight on July 11, 2021.
             Was a Plaything of Xom.
             Mangled by a tyrant leech (glowing shapeshifter) (23 damage)
             ... on level 7 of the Dungeon.
             The game lasted 00:15:34 (5827 turns).

Descartes the Grappler (Troll Chaos Knight)         Turns: 5827, Time: 00:15:34

Health: -13/80     AC: 11    Str: 22      XL:     9   Next: 69%
Magic:  1/8        EV:  9    Int: 11 (12) God:    Xom [.....*]
Gold:   74         SH: 15    Dex: 10      Spells: 3/8 levels left

rFire    + . .     SeeInvis .     - Unarmed
rCold    . . .     Faith    .   I - +0 kite shield (curse)
rNeg     . . .     Spirit   .   H - +0 acid dragon scales
rPois    .         Reflect  +   (helmet restricted)
rElec    .         Harm     .   q - +0 cloak
rCorr    +         Rampage  .   (gloves unavailable)
Will     .....                  (boots unavailable)
Stlth    +.........             b - amulet of reflection
HPRegen  0.63/turn              o - ring of resist corrosion
MPRegen  0.11/turn              c - ring of protection from fire

@: no status effects
A: large, unfitting armour, claws 3, clever 1, deterioration 1, regeneration 1,
shaggy fur 1, tough skin 3, subdued magic 1
a: Renounce Religion


You were on level 7 of the Dungeon.
You worshipped Xom.
You were Xom's teddy bear.
You visited 2 branches of the dungeon, and saw 8 of its levels.
You also visited: Sewer.

You collected 360 gold pieces.
You spent 286 gold pieces at shops.

Inventory:

Hand Weapons
 p - a +3 quarterstaff of chaos
 y - a +0 hand crossbow
 G - a +0 long sword of flaming
Missiles
 j - 6 curare-tipped darts (quivered)
 s - 4 boomerangs
 z - 87 bolts
 D - 36 poisoned darts
Armour
 a - a +2 robe
 q - a +0 cloak (worn)
 H - +0 acid dragon scales (worn)
 I - a cursed +0 kite shield (worn)
Jewellery
 b - an amulet of reflection (around neck)
 c - a ring of protection from fire (right claw)
 o - a ring of resist corrosion (left claw)
 t - an uncursed ring of flight
Wands
 i - a wand of enslavement (5)
 A - a wand of random effects (25)
Scrolls
 d - 4 scrolls of remove curse {unknown}
 e - 5 scrolls of teleportation {unknown}
 h - 2 scrolls of blinking {unknown}
 k - 2 scrolls of fear {unknown}
 m - 4 scrolls of enchant weapon {unknown}
 r - 2 scrolls of magic mapping {unknown}
 C - a scroll of noise {unknown}
Potions
 f - a potion of flight {unknown}
 g - a potion of resistance
 l - 3 potions of brilliance
 n - 2 potions of heal wounds
 u - 2 potions of attraction
 v - 3 potions of magic
 x - a potion of berserk rage
 B - 2 potions of curing
 E - a potion of lignification
 F - 2 potions of might


   Skills:
 - Level 2.4 Fighting
 - Level 1.9 Dodging
 + Level 7.4 Shields
 + Level 9.6 Unarmed Combat
 + Level 3.7 Transmutations


You had 3 spell levels left.
You knew the following spells:

 Your Spells              Type           Power        Failure   Level
a - Blade Hands           Tmut           3%           98%         5

Your spell library contained the following spells:

 Spells                   Type           Power        Failure   Level
 Beastly Appendage        Tmut           12%          12%         1
 Wereblood                Tmut           6%           19%         2
 Animate Skeleton         Necr           0%           50%         1
 Pain                     Necr           0%           50%         1
 Spider Form              Tmut/Pois      1%           61%         3
 Vampiric Draining        Necr           0%           86%         3
 Ice Form                 Ice/Tmut       3%           95%         4
 Animate Dead             Necr           0%           99%         4
 Agony                    Necr           0%           100%        5


Dungeon Overview and Level Annotations

Branches:
Dungeon (7/15)             Temple (1/1) D:5           Sewer (visited)

Altars:
Ashenzari
Elyvilon
Fedhas
Gozag
Makhleb
Nemelex Xobeh
Okawaru
Qazlal
Ru
Sif Muna
Trog
Uskayaw
Vehumet
Wu Jian
Yredelemnul
Zin
The Shining One

Shops:
D:3 *   D:5 !   D:6 ?


Innate Abilities, Weirdness & Mutations

You are too large for most types of armour.
You have claws for hands.
Your natural rate of healing is unusually fast.
You are covered in fur. (AC +1)
You have extremely tough skin. (AC +3)
Your mind is acute. (Int +2)
Your body sometimes deteriorates upon taking damage.
Your spells are a little easier to cast, but a little less powerful.


Message History

The faun is moderately wounded.
You closely miss the faun.
The faun is moderately wounded.
The faun changes into a mana viper!
You scratch the mana viper.
The mana viper is lightly wounded.
The world stops spinning.
The mana viper bites you!
* * * LOW HITPOINT WARNING * * *
You feel your power leaking away.
You mangle the mana viper!!
The mana viper is heavily wounded.
The mana viper changes into a tyrant leech!
You miss the tyrant leech.
The tyrant leech is lightly wounded.
You closely miss the tyrant leech.
The tyrant leech is lightly wounded.
The tyrant leech bites you!!
You die...
Xom guffaws!

$###### ############
.......##..........###
#.<...)..?.......
####..)...)[..#
#..........#
#...@w.....#
####[.........#
##..............#
######..##.............
#........##########....
#........# .###
#.)......# # .........#
#..........


You could see a tyrant leech shaped shifter.

Vanquished Creatures
  The ghost of Sensen the Magician, a novice GnWr (D:6)
  Pikel (D:6)
  Maggie (D:6)
  Sigmund (D:6)
  A black bear (D:6)
  An ice beast (D:7)
  A sky beast (D:5)
  2 phantoms (D:4)
  An ogre (D:4)
  A lemure (D:6)
  A centaur (D:5)
  4 big kobolds (Sewer)
  2 scorpions (D:5)
  2 wights (D:6)
  2 howler monkeys (D:6)
  A bullfrog zombie (D:5)
  A quasit (D:6)
  A bullfrog skeleton (D:6)
  Crazy Yiuf (D:2)
  A jelly (D:5)
  2 orc priests (D:6)
  6 orc wizards
  A centaur skeleton (D:4)
  An iguana (D:5)
  4 worker ants (D:4)
  A spectral hound (D:6)
  A worker ant zombie (D:6)
  Robin (D:2)
  8 gnolls
  9 adders
  A river rat (Sewer)
  A shadow imp (D:6)
  2 white imps
  An ufetubus (D:6)
  5 oozes (Sewer)
  An adder skeleton (D:5)
  10 worms
  4 dart slugs (D:1)
  2 leopard geckos (D:4)
  14 orcs
  5 ball pythons
  6 bats
  3 giant cockroaches
  10 goblins
  7 hobgoblins
  12 jackals
  9 kobolds
  3 quokkas
  4 frilled lizards
  A leopard gecko zombie (D:6)
  8 rats
170 creatures vanquished.

Vanquished Creatures (collateral kills)
  A centaur skeleton (D:6)
1 creature vanquished.

Grand Total: 171 creatures vanquished

Notes
Turn   | Place    | Note
-------+----------+-------------------------------------------
     0 | D:1      | Descartes the Troll Chaos Knight began the quest for the
                  | Orb.
     0 | D:1      | Reached XP level 1. HP: 22/22 MP: 0/0
    10 | D:1      | Noticed an ogre
   180 | D:1      | Reached XP level 2. HP: 29/29 MP: 1/1
   376 | D:1      | Found a glowing golden altar of the Shining One.
   519 | D:1      | Reached skill level 1 in Shields
   942 | D:2      | Noticed Robin
   947 | D:2      | Reached XP level 3. HP: 36/36 MP: 2/2
   955 | D:2      | Killed Robin
  1155 | D:2      | Reached skill level 4 in Unarmed Combat
  1254 | D:2      | Found a runed translucent door.
  1255 | D:2      | Noticed Crazy Yiuf
  1263 | D:2      | Killed Crazy Yiuf
  1264 | D:2      | Reached XP level 4. HP: 17/44 MP: 3/3
  1475 | D:2      | XOM: silly message
  1789 | D:3      | Found Zin's Purification Station.
  1789 | D:3      | Found a glowing silver altar of Zin.
  1988 | D:3      | XOM: silly message
  1990 | D:3      | XOM: divination: detect creatures
  2230 | D:3      | Found a basalt altar of Yredelemnul.
  2231 | D:3      | Found an ornate altar of the Wu Jian Council.
  2371 | D:4      | Reached XP level 5. HP: 44/50 MP: 4/4
  2377 | D:4      | Found a stormy altar of Qazlal.
  2397 | D:4      | Reached skill level 5 in Unarmed Combat
  2464 | D:4      | Noticed an ogre
  2472 | D:4      | Killed an ogre
  2473 | D:4      | Reached XP level 6. HP: 32/59 MP: 5/5
  2590 | D:4      | Found a hide-covered altar of Uskayaw.
  2623 | D:4      | Found a white marble altar of Elyvilon.
  2642 | D:4      | XOM: cast spell 'Olgreb's Toxic Radiance'
  2643 | D:4      | XOM: cast spell 'Shadow Creatures'
  2651 | D:4      | XOM: enchant monster (good)
  2666 | D:4      | Reached skill level 6 in Unarmed Combat
  2666 | D:4      | Reached XP level 7. HP: 64/66 MP: 6/6
  2747 | D:4      | XOM: fog
  3278 | D:5      | Entered Level 5 of the Dungeon
  3310 | D:5      | Found a broken altar of Ashenzari.
  3310 | D:5      | XOM: 2-stop teleportation journey
  3317 | D:5      | Found a glowing drain.
  3335 | Sewer    | Entered a sewer
  3385 | Sewer    | XOM: cast spell 'Shadow Creatures'
  3392 | Sewer    | Reached skill level 5 in Shields
  3392 | Sewer    | Reached skill level 7 in Unarmed Combat
  3437 | Sewer    | XOM: enchant monster (bad)
  3723 | Sewer    | Reached XP level 8. HP: 67/74 MP: 7/7
  3767 | Sewer    | XOM: noise
  3926 | D:5      | Found a staircase to the Ecumenical Temple.
  3937 | Temple   | Entered the Ecumenical Temple
  4337 | D:5      | Reached skill level 8 in Unarmed Combat
  4464 | D:5      | Found Nutiy's Distillery.
  4478 | D:5      | Bought a potion of brilliance for 52 gold pieces
  4478 | D:5      | Bought a potion of lignification for 39 gold pieces
  4478 | D:5      | Bought a potion of brilliance for 52 gold pieces
  4478 | D:5      | Bought a potion of might for 52 gold pieces
  4478 | D:5      | Bought a potion of heal wounds for 65 gold pieces
  4484 | D:5      | Learned a level 5 spell: Blade Hands
  4508 | D:5      | XOM: give mutations
  4508 | D:5      | Gained mutation: Your body sometimes deteriorates upon
                  | taking damage. [Xom's mischief]
  4508 | D:5      | Gained mutation: Your mind is acute. (Int +2) [Xom's
                  | mischief]
  4536 | D:5      | XOM: silly message
  4733 | D:6      | Noticed Maggie
  4734 | D:6      | XOM: summons friendly white imp
  4737 | D:6      | Reached skill level 1 in Transmutations
  4744 | D:6      | Killed Maggie
  4832 | D:6      | Noticed Pikel
  4844 | D:6      | XOM is BORED!
  4844 | D:6      | XOM: blink monster(s)
  4848 | D:6      | Killed Pikel
  4849 | D:6      | Reached skill level 9 in Unarmed Combat
  4849 | D:6      | Reached XP level 9. HP: 71/80 MP: 8/8
  4878 | D:6      | Found a transporter.
  4878 | D:6      | Noticed Sensen's ghost (novice GnWr)
  4941 | D:6      | XOM: swap monsters
  5004 | D:6      | Found Roineune's Magic Scroll Boutique.
  5032 | D:6      | Bought a scroll of identify for 26 gold pieces
  5105 | D:6      | Noticed Sigmund
  5123 | D:6      | Killed Sigmund
  5393 | D:6      | Found a transporter.
  5486 | D:6      | XOM: chaos upgrade
  5491 | D:6      | XOM: summons 3 friendly demons
  5548 | D:6      | Gained mutation: Your spells are a little easier to cast,
                  | but a little less powerful. [mutagenic glow]
  5692 | D:6      | XOM: enchant monster (good)
  5698 | D:6      | XOM: summons 9 friendly demons
  5716 | D:6      | Killed Sensen's ghost
  5773 | D:7      | Noticed a glowing shapeshifter
  5773 | D:7      | an orc warrior changed into a glowing shapeshifter
  5773 | D:7      | XOM: polymorph orc warrior -> glowing shapeshifter
  5773 | D:7      | a glowing shapeshifter changed into a redback
  5774 | D:7      | Noticed a water nymph
  5774 | D:7      | a redback changed into a water nymph
  5777 | D:7      | XOM: 3-stop teleportation journey
  5788 | D:7      | Noticed a shock serpent
  5789 | D:7      | Noticed a manticore
  5789 | D:7      | a shock serpent changed into a manticore
  5791 | D:7      | Noticed a wind drake
  5791 | D:7      | a manticore changed into a wind drake
  5794 | D:7      | XOM: blink monster(s)
  5795 | D:7      | Noticed a lindwurm
  5795 | D:7      | a wind drake changed into a lindwurm
  5796 | D:7      | Noticed an eye of devastation
  5796 | D:7      | a lindwurm changed into an eye of devastation
  5799 | D:7      | an eye of devastation changed into a floating eye
  5800 | D:7      | Noticed a salamander
  5800 | D:7      | a floating eye changed into a salamander
  5801 | D:7      | Noticed a wind drake
  5801 | D:7      | a salamander changed into a wind drake
  5802 | D:7      | Noticed a cyclops
  5802 | D:7      | a wind drake changed into a cyclops
  5806 | D:7      | a cyclops changed into a redback
  5808 | D:7      | Noticed a deep troll
  5808 | D:7      | a redback changed into a deep troll
  5814 | D:7      | Noticed a merfolk
  5814 | D:7      | a deep troll changed into a merfolk
  5816 | D:7      | XOM: cast spell 'Alistair's Intoxication'
  5817 | D:7      | Noticed a shining eye
  5817 | D:7      | a merfolk changed into a shining eye
  5821 | D:7      | Noticed a faun
  5821 | D:7      | a shining eye changed into a faun
  5823 | D:7      | Noticed a mana viper
  5823 | D:7      | a faun changed into a mana viper
  5825 | D:7      | Noticed a tyrant leech
  5825 | D:7      | a mana viper changed into a tyrant leech
  5827 | D:7      | Mangled by a tyrant leech (glowing shapeshifter)

Illustrated notes

Levels and vault maps discovered:
D:1:      evilmike_arrival_come_back, layout_loops_ring,
          minmay_stone_trees_small, tso_altar
D:2:      layout_basic, roderic_serpentine_path, uniq_crazy_yiuf_cottage,
          uniq_robin
D:3:      layout_loops_cross, zin_purify,
          chequers_temple_overflow_statue_of_worship, minmay_splitting_lines,
          chequers_serial_rivers_micro_e
D:4:      layout_loops_ring, nicolae_qazlal_general_emergency, kennysheep_mini,
          elyvilon_altar_1
D:5:      layout_rooms, nicolae_ashenzari_panopticon, minmay_temple_entry_hall,
          cheibrodos_sewer_entry_sluice, serial_shops, shop
D:6:      layout_basic, gammafunk_ghost_mausoleum, serial_shops, shop,
          uniq_maggie, uniq_sigmund, uniq_pikel
D:7:      layout_rooms, nicolae_overflow_hidden_temple,
          grunt_dithmenos_smoke_and_mirrors, nzn_hepliaklqana_mist_gate,
          kiku_gazebo_pond_becter, the_bakery, uniq_duvessa, uniq_harold
Temple:   dpeg_chambers_temple

Skill      XL: |  1  2  3  4  5  6  7  8  9 |
---------------+----------------------------+-----
Shields        | 1 2 3 4 5 6 7 |  7.4
Unarmed Combat | 4 5 6 7 9 |  9.6
Transmutations | 2 3 |  3.7
Fighting       | |  2.4
Dodging        | |  1.9

Action                   |  1- 3 |  4- 6 |  7- 9 || total
-------------------------+-------+-------+-------++-------
Melee: Unarmed           |    57 |   153 |   410 ||   620
 Abil: Evoke Flight      |       |       |     1 ||     1
  Use: Scroll            |       |       |     6 ||     6
       Potion            |       |       |     1 ||     1
 Stab: Sleeping          |       |       |     1 ||     1
Armor: Robe              |    19 |    37 |    44 ||   100
       Acid dragon scale |       |       |    39 ||    39
Dodge: Dodged            |     7 |    27 |    70 ||   104
Block: Kite shield       |    34 |    93 |   214 ||   341
       Reflection        |     2 |     1 |     8 ||    11
